 Dungeon Crawl Stone Soup version 0.31-a0-691-g409c26aa35 (webtiles) character file.

Game seed: 18219654548426226722

473 LeprechaunX the Changeling (level 7, -4/46 HPs)
             Began as an Octopode Shapeshifter on Sept 6, 2023.
             Was an Initiate of Hepliaklqana.
             Slain by a gnoll sergeant
             ... wielding a +5 spear of venom
              (12 damage)
             ... on level 7 of the Dungeon.
             The game lasted 00:06:03 (2944 turns).

LeprechaunX the Changeling (Octopode Shapeshifter)  Turns: 2944, Time: 00:06:04

Health: -4/46      AC:  1    Str: 16    XL:     7   Next: 10%
Magic:  7/7        EV: 14    Int: 12    God:    Hepliaklqana [......]
Gold:   206        SH:  5    Dex: 11    Spells: 6/6 levels left

rFire   . .          .
                       - Unarmed
rCold   . . .        (no shield)
rNeg    . . .        (helmet currently unavailable)
rPois   .            l - amulet of reflection
rElec   .            (no ring)
rCorr   .            (no ring)
SInv    .            (no ring)
Will    .....        (no ring)
Stlth   ++           (no ring)
HPRegen 0.27/turn    (no ring)
MPRegen 0.10/turn    (no ring)
                     (no ring)

%: reflection
@: lethally poisoned (-4 -> -32), beast-form
A: beast (slay +2), almost no armour, amphibious, 8 rings, camouflage 1,
gelatinous body 1, (nimble swimmer 1), tentacles
a: Begin Untransformation, Renounce Religion


You were on level 7 of the Dungeon.
You worshipped Hepliaklqana.
Hepliaklqana was noncommittal.
You were a hulking beast.
You visited 2 branches of the dungeon, and saw 6 of its levels.

You collected 206 gold pieces.

Inventory:

Jewellery
 j - an amulet of faith
 l - an amulet of reflection (around mantle)
 o - an amulet of magic regeneration
Talismans
 b - a beast talisman (active)
 c - a flux talisman
 r - a maw talisman
Scrolls
 d - a scroll of brand weapon {unknown}
 f - 2 scrolls of enchant armour {unknown}
 h - a scroll of silence {unknown}
 k - a scroll of fear {unknown}
 m - 2 scrolls of noise {unknown}
 n - a scroll of vulnerability {unknown}
Potions
 a - a potion of lignification
 e - a potion of attraction
 g - 3 potions of curing
 i - a potion of resistance
 p - 2 potions of heal wounds
 s - a potion of mutation
 t - a potion of invisibility {unknown}
 u - a potion of degeneration {unknown}


   Skills:
 + Level 3.2 Fighting
 + Level 3.7 Dodging
 + Level 4.3 Unarmed Combat
 * Level 5.1 Shapeshifting


You had 6 spell levels left.
You didn't know any spells.
Your spell library contained the following spells:

 Spells                   Type           Power      Damage    Failure   Level
 Foxfire                  Conj/Fire      0%         2x1d4     32%         1
 Plasma Beam              Fire/Air       0%         2x1d10    100%        6
 Starburst                Conj/Fire      0%         6d3       100%        6


Dungeon Overview and Level Annotations

Branches:
Dungeon (7/15)             Temple (1/1) D:4

Altars:
Ashenzari
Cheibriados
Dithmenos
Elyvilon
Gozag
Hepliaklqana
Makhleb
Nemelex Xobeh
Okawaru
Qazlal
Ru
Sif Muna
Trog
Uskayaw
Vehumet
Wu Jian
Xom
Zin
The Shining One

Shops:
D:2 !(*?=

Annotations:
D:4 Sigmund


Innate Abilities, Weirdness & Mutations

You are a hulking beast.
Your limbs bulge with bestial killing power. (Slay +2)
You cannot wear most types of armour.
You are amphibious.
You can wear up to eight rings at the same time.
Your skin changes colour to match your surroundings (Stealth+).
Your rubbery body absorbs attacks. (AC +1, EV +1)
((You are camouflaged when in or above water. (Stealth+)))
You have tentacles for arms and can constrict up to eight enemies at once.


Message History

Found a robe and a glowing robe.
You hear the faint creaking of a portcullis nearby.
Found a thin bronze amulet.
You see here a +0 robe.
o - an amulet of magic regeneration A gnoll comes into view.
It is wielding a +0 halberd.
The gnoll shouts!
A gnoll sergeant comes into view. It is wielding a +5 spear of venom.
The gnoll barely misses you.
The gnoll sergeant shouts!
You hear an angry hiss.
The gnoll barely misses you.
You tentacle-slap the gnoll. Your grab misses the gnoll.
The gnoll is heavily wounded.
The gnoll sergeant hits you from afar with a +5 spear of venom!
You block the gnoll's attack.
You closely miss the gnoll. You grab the gnoll. You squeeze the gnoll!
You kill the gnoll!
The gnoll sergeant closely misses you. You block the gnoll sergeant's attack.
An iguana comes into view.
The iguana hisses angrily.
You bludgeon the gnoll sergeant! You grab the gnoll sergeant.
The gnoll sergeant is moderately wounded.
You constrict the gnoll sergeant, but do no damage.
The gnoll sergeant hits you with a +5 spear of venom!
You are poisoned.
You tentacle-slap the gnoll sergeant. You squeeze the gnoll sergeant.
The gnoll sergeant is heavily wounded.
You constrict the gnoll sergeant, but do no damage.
You feel very sick.
The gnoll sergeant hits you with a +5 spear of venom.
You are more poisoned.
You tentacle-slap the gnoll sergeant but do no damage.
You squeeze the gnoll sergeant, but do no damage.
The gnoll sergeant is heavily wounded.
You constrict the gnoll sergeant.
* * * LOW HITPOINT WARNING * * *
You feel extremely sick.
The gnoll sergeant hits you with a +5 spear of venom!
You die...

#### ...###########
#............
#..##.#####.# ...##.##
#.# #####
##.#...####.###...###.#
#.........[....#......
###...########.lg#
#.... ##h## #..P.# #.#
#....# #)# ##._.# #.#
#..[# #.# #.P #.# #.#
#.# ..#


You could see a gnoll sergeant and an iguana.

Vanquished Creatures
  A black bear (D:4)
  2 scorpions (D:4)
  An orc priest (D:4)
  3 hounds
  An iguana (D:4)
  A sleepcap (D:4)
  2 gnolls
  An adder (D:4)
  An ufetubus (D:4)
  2 dart slugs
  4 orcs
  3 ball pythons
  2 bats
  8 endoplasms
  2 giant cockroaches
  3 goblins
  8 hobgoblins
  4 kobolds
  2 quokkas
  A frilled lizard (D:2)
  5 rats
57 creatures vanquished.

Notes
Turn   | Place    | Note
-------+----------+-------------------------------------------
     0 | D:1      | LeprechaunX the Octopode Shapeshifter began the quest for
                  | the Orb.
     0 | D:1      | Reached XP level 1. HP: 13/13 MP: 1/1
   118 | D:1      | Reached XP level 2. HP: 18/18 MP: 2/2
   600 | D:2      | Found Qizxose's Jewellery Shop.
   620 | D:2      | Found Suoci Doef's Magic Scroll Boutique.
   649 | D:2      | Found Wies's Weapon Emporium.
   661 | D:2      | Found Vyevov's Assorted Antiques.
   669 | D:2      | Reached XP level 3. HP: 23/23 MP: 3/3
   729 | D:2      | Found Zalimuemei's Distillery.
   784 | D:2      | Found a hide-covered altar of Uskayaw.
  1642 | D:3      | Found an opulent altar of Gozag.
  1642 | D:3      | Found a sparkling altar of Nemelex Xobeh.
  1643 | D:3      | Found a shimmering blue altar of Sif Muna.
  1800 | D:4      | Noticed a black bear
  1808 | D:4      | Killed a black bear
  1809 | D:4      | Reached skill level 4 in Shapeshifting
  1809 | D:4      | Reached XP level 4. HP: 28/29 MP: 4/4
  1809 | D:4      | Reached XP level 5. HP: 33/34 MP: 5/5
  1989 | D:4      | Found a staircase to the Ecumenical Temple.
  1995 | D:4      | Reached XP level 6. HP: 36/41 MP: 6/6
  1997 | Temple   | Entered the Ecumenical Temple
  2010 | Temple   | Became a worshipper of Hepliaklqana the Forgotten
  2534 | D:4      | Noticed Sigmund
  2650 | D:4      | Reached skill level 5 in Shapeshifting
  2650 | D:4      | Reached XP level 7. HP: 29/46 MP: 7/7
  2872 | D:4      | You fall into a shaft and drop 3 floors!
  2920 | D:7      | Found a shimmering altar of Xom.
  2944 | D:7      | Slain by a gnoll sergeant

Illustrated notes

Levels and vault maps discovered:
D:1:      doesnt_arrival_eight_statues, layout_rooms
D:2:      layout_rooms, serial_shops, nicolae_shop_tiny_real_fake_doors, shop,
          shop, nicolae_shop_advertising_works [nicolae_subvault_shop_adworks],
          shop, basic_altar
D:3:      layout_basic, gammafunk_temple_overflow_claw
D:4:      layout_loops_corners, minmay_temple_entry_gardened_gates,
          sigmund_edmund_badplayer
D:7:      layout_loops_ring, mainiacjoe_overflow_tiny_flanked, enter_bailey_2,
          uniq_maggie
Temple:   bh_familiar_temple

Skill      XL: |  1  2  3  4  5  6 |
---------------+-------------------+-----
Fighting       | 2 3 |  3.2
Shapeshifting  | 4 5 |  5.1
Dodging        | 3 |  3.7
Unarmed Combat | 4 |  4.3

Action                     |  1- 3 |  4- 6 |  7- 9 || total
---------------------------+-------+-------+-------++-------
  Melee: Unarmed           |    65 |    43 |    11 ||   119
         Constrict         |    14 |    12 |     2 ||    28
         Tentacles         |     4 |    10 |     4 ||    18
         Punch             |     2 |       |       ||     2
    Use: Scroll            |       |     6 |       ||     6
         Potion            |       |     1 |       ||     1
   Stab: Sleeping          |    10 |     1 |       ||    11
 Armour: Skin              |    19 |    14 |     7 ||    40
  Dodge: Dodged            |    31 |    25 |     7 ||    63
  Block: Other             |     7 |     7 |     2 ||    16

Table legend: (Time is in decaauts)
 A = Elapsed time spent in this place.
 B = Non-inter-level travel time spent in this place.
 C = Inter-level travel time spent in this place.
 D = Time resting spent in this place.
 E = Time spent auto-exploring this place.
 F = Levels seen in this place.
 G = Mean time per level.
                   A        B        C        D        E       F      G
               +--------+--------+--------+--------+--------+-----+--------+
         Total |   2936 |   2775 |    161 |    130 |   2090 |   6 |  489.3 |
       Dungeon |   2910 |   2772 |    138 |    130 |   2090 |   5 |  582.0 |
        Temple |     25 |      2 |     23 |      0 |      0 |   1 |   25.0 |
               +--------+--------+--------+--------+--------+-----+--------+

Top non-repeatable levels by time:
     D:4: 1006 daAuts
     D:3: 884 daAuts
     D:1: 550 daAuts
     D:2: 397 daAuts
     D:7: 71 daAuts
  Temple: 25 daAuts
